 Dungeon Crawl Stone Soup version 0.22-a0-367-gb72a975 (webtiles) character file.

345 tilp the Chiller (level 6, 0/47 HPs)
             Began as a Merfolk Ice Elementalist on Apr 22, 2018.
             Slain by a wraith (11 damage)
             ... in an ossuary.
             The game lasted 00:13:47 (4865 turns).

tilp the Chiller (Merfolk Ice Elementalist)         Turns: 4865, Time: 00:13:47

Health: 0/47       AC:  3    Str:  9    XL:     6   Next: 58%
Magic:  9/9        EV: 12    Int: 16    God:
Gold:   199        SH:  0    Dex: 14    Spells: 3/9 levels left

rFire    . . .     SeeInvis .   v - +2 short sword (speed)
rCold    . . .     Gourm    +   (no shield)
rNeg     . . .     Faith    .   n - +0 robe (curse)
rPois    .         Spirit   .   w - +0 helmet
rElec    .         Reflect  .   (no cloak)
rCorr    .         Harm     .   (no gloves)
MR       .....                  (no boots)
Stlth    ++........             r - amulet of the gourmand
HPRegen  0.15/turn              (no ring)
MPRegen  0.11/turn              (no ring)

@: slowed, drained, very slow
A: change form in water, swift swim, stealthy swim
a: no special abilities


You were in an ossuary.
You were very full.

You visited 1 branch of the dungeon, and saw 5 of its levels.
You also visited: Ossuary.

You collected 199 gold pieces.

Inventory:

Hand Weapons
 a - a +2 dagger of draining
 b - a +0 hunting sling
 h - a +0 spear
 m - a +0 dagger of venom
 s - a cursed -1 dagger
 t - a +3 scimitar
 v - a +2 short sword of speed (weapon)
Missiles
 l - 3 javelins (quivered)
 q - 164 stones
 x - 38 sling bullets
Armour
 i - a +0 robe
 n - a cursed +0 robe (worn)
 w - a +0 helmet (worn)
Jewellery
 f - an uncursed ring of see invisible {unknown}
 r - an amulet of the gourmand (around neck)
 A - a +4 ring of dexterity {unknown}
Wands
 u - a wand of polymorph (5)
Scrolls
 d - a scroll of remove curse
 o - 2 scrolls of teleportation
Potions
 e - a potion of brilliance {unknown}
 g - 2 potions of invisibility {unknown}
 j - 2 potions of curing
 k - 2 potions of agility {unknown}
 p - 3 potions of haste {unknown}
Comestibles
 c - 6 rations


   Skills:
 - Level 3.2(2.6) Fighting
 + Level 2.6(2.1) Dodging
 - Level 2.1(1.6) Stealth
 - Level 2.0(1.4) Spellcasting
 - Level 0.7(0.1) Conjurations
 - Level 7.0(6.4) Ice Magic


You had 3 spell levels left.
You knew the following spells:

 Your Spells              Type           Power        Failure   Level  Hunger
a - Freeze                Ice            ###.         1%          1    ##.....
b - Throw Frost           Conj/Ice       ##....       9%          2    ###....
c - Ozocubu's Armour      Chrm/Ice       ##......     19%         3    ####...


Dungeon Overview and Level Annotations

Branches:
Dungeon (5/15)
 Temple: D:4-7

Altars:

Annotations:
D:2 exclusion: hobgoblin, Terence
D:3 1 runed door


Message History

You open the door.
A wraith comes into view.
The wraith hits you! The wraith drains your vigour!
You feel yourself slow down.
There is an open door here.
You hit the wraith but do no damage. The wraith hits you.
You hit the wraith but do no damage. The wraith hits you!
The wraith drains your vigour!
You feel as though you will be slow longer.
You barely miss the wraith. The wraith barely misses you.
You closely miss the wraith. The wraith hits you!
The wraith drains your vigour!
You feel as though you will be slow longer.
You barely miss the wraith. The wraith hits you. The wraith hits you.
The wraith drains your vigour!
You feel as though you will be slow longer.
The wraith hits you.
* * * LOW HITPOINT WARNING * * *
The wraith hits you!
You die...

#################
#...............#
#.'##..###..##'.#
#.#.#..#z#..#[#.#
#.###..###..###.#
#...............#
#W###..??!..###.##
#@# #../?/..# #.'.
#.# #..//!..# #.##
#.. ........ ...#
#.## ###.# #.# #.#
#.+ +.# #.. ..#
### ##


You could see a wraith.

Vanquished Creatures
  A wight (Ossuary)
  A hound (D:4)
  An orc wizard (D:5)
  5 worker ants
  4 gnolls
  An adder (D:3)
  An ooze (D:4)
  2 adder zombies (Ossuary)
  A worm (D:2)
  2 leopard geckos
  5 orcs (D:5)
  3 giant cockroaches
  4 hobgoblins
  6 jackals
  6 kobolds
  3 quokkas
  6 bats
  A frilled lizard (D:2)
  6 goblins
  2 hobgoblin skeletons (Ossuary)
  2 hobgoblin zombies (Ossuary)
  A jackal skeleton (D:4)
  An orc skeleton (Ossuary)
  3 orc zombies (Ossuary)
  A quokka zombie (D:5)
  7 rats
76 creatures vanquished.

Notes
Turn   | Place    | Note
-------+----------+-------------------------------------------
     0 | D:1      | tilp the Merfolk Ice Elementalist began the quest for the Orb.
     0 | D:1      | Reached XP level 1. HP: 13/13 MP: 3/3
   276 | D:1      | Reached XP level 2. HP: 19/19 MP: 3/5
   309 | D:1      | Reached skill level 4 in Ice Magic
   483 | D:1      | Learned a level 2 spell: Throw Frost
   665 | D:1      | You fall through a shaft!
   851 | D:1      | Reached XP level 3. HP: 24/24 MP: 6/6
   860 | D:1      | Learned a level 3 spell: Ozocubu's Armour
  1112 | D:2      | Noticed Terence
  1502 | D:2      | Reached skill level 5 in Ice Magic
  1845 | D:3      | Found a runed door.
  2337 | D:3      | Reached XP level 4. HP: 30/30 MP: 1/7
  2993 | D:4      | Reached skill level 6 in Ice Magic
  2993 | D:4      | Reached XP level 5. HP: 33/35 MP: 0/8
  3530 | D:4      | Noticed a sky beast
  4147 | D:5      | Entered Level 5 of the Dungeon
  4238 | D:5      | Reached skill level 7 in Ice Magic
  4340 | D:5      | Reached XP level 6. HP: 42/42 MP: 9/9
  4381 | D:5      | Reached skill level 1 in Fighting
  4419 | D:5      | Found a sand-covered staircase.
  4507 | Ossuary  | Entered an ossuary
  4721 | Ossuary  | Noticed a flying skull
  4721 | Ossuary  | Noticed a wraith
  4848 | Ossuary  | Noticed a flying skull
  4854 | Ossuary  | Noticed a wraith
  4865 | Ossuary  | Slain by a wraith

Vault maps used:
D:1:      mrwooster_arrival_statue_2
D:2:      first_ration, small_statue_intersection, uniq_terence
D:3:      uniq_crazy_yiuf_cottage
D:5:      chequers_ossuary_entry_cave, tgw_xom
Ossuary:  ossuary_due_cavern

Skill      XL: |  1  2  3  4  5  6 |
---------------+-------------------+-----
Ice Magic      | 4 5 6 7 |  7.0
Fighting       | 3 |  3.2
Dodging        | |  2.6
Stealth        | |  2.1
Spellcasting   | |  2.0
Conjurations   | |  0.7

Action                   |  1- 3 |  4- 6 || total
-------------------------+-------+-------++-------
Melee: Whip              |     4 |       ||     4
       Dagger            |    45 |    35 ||    80
       Short sword       |       |    67 ||    67
Throw: Javelin           |       |     6 ||     6
 Cast: Freeze            |    30 |    33 ||    63
       Ozocubu's Armour  |     5 |    10 ||    15
       Throw Frost       |     1 |     4 ||     5
  Use: Potion            |     1 |       ||     1
       Scroll            |       |     8 ||     8
 Stab: Sleeping          |     4 |    11 ||    15
  Eat: Chunk             |     6 |    11 ||    17
       Ration            |       |     2 ||     2
Armor: Robe              |    11 |    21 ||    32
Dodge: Dodged            |    44 |    58 ||   102

Table legend:
 A = Spawn XP
 B = Non-spawn XP
 C = Spawn XP percentage of total XP
 D = Spawn monster count
 E = Non-spawn monster count
 F = Spawn count percentage of total count
 G = Total turns spent on level
                    A         B        C        D         E        F      G
               +---------+---------+-------+---------+---------+-------+---------
         Total |       0 |     494 |   0.0 |       0 |      76 |   0.0 |  4865
               +---------+---------+-------+---------+---------+-------+---------
           D:1 |       0 |      32 |   0.0 |       0 |      12 |   0.0 |   901
           D:2 |       0 |      32 |   0.0 |       0 |      17 |   0.0 |   741
           D:3 |       0 |      31 |   0.0 |       0 |      12 |   0.0 |  1038
           D:4 |       0 |     171 |   0.0 |       0 |      13 |   0.0 |  1513
           D:5 |       0 |     152 |   0.0 |       0 |      11 |   0.0 |   314
       Ossuary |       0 |      76 |   0.0 |       0 |      11 |   0.0 |   358
               +---------+---------+-------+---------+---------+-------+---------
